Map: Ascension to Aiur LE

Players

TEarDroP

  • Race: Terran Terran
  • League: Master
  • Spawn Location: 5:00

HuShang - Winner!

  • Race: Zerg Zerg
  • League: Grandmaster
  • Spawn Location: 11:00

VOD

Have the link to the VOD?

Description

Time

  • Played on: Dec. 18, 2017, 1:23 p.m.
  • Length: 19:10
Show
View Real Time Build Order
Export as new Build Order

TEarDroP Terran 

Build Orders: Reaper Expand, MMM Bio 

Get SALT Encoding   

  12  0:01  SCV  
  13  0:13  SCV  
  14  0:17  Supply Depot  
  14  0:25  SCV  
  15  0:39  SCV  
  15  0:42  Barracks  
  16  0:48  Refinery  
  16  0:51  SCV  
  17  1:03  SCV  
  18  1:15  SCV  
  19  1:30  Orbital Command  
  19  1:36  Reaper  
  20  1:42  Command Center  
  20  1:56  Barracks, SCV  
  21  2:05  Supply Depot  
  21  2:08  SCV  
  21  2:15  Barracks Reactor  
  22  2:20  SCV  
  23  2:26  Factory  
  23  2:31  Refinery  
  23  2:34  SCV  
  24  2:44  Barracks Tech Lab  
  24  2:49  SCV  
  25  2:55  Marine x2, Orbital Command  
  27  3:01  SCV  
  27  3:04  Marine  
  29  3:09  Stimpack  
  29  3:19  SCV  
  30  3:20  Marine x2, Factory Reactor  
  30  3:22  SCV  
  30  3:26  Marine  
  34  3:31  SCV  
  35  3:36  SCV  
  35  3:40  Marine  
  35  3:41  Marine  
  37  3:43  SCV, Starport  
  37  3:48  Marine, SCV  
  39  3:49  Supply Depot  
  40  3:57  SCV  
  40  3:58  Hellion x2  
  40  4:00  Marine  
  40  4:02  SCV  
  46  4:10  Marine  
  46  4:11  SCV  
  46  4:14  SCV  
  50  4:17  Armory  
  50  4:18  Supply Depot  
  50  4:19  Hellion  
  51  4:25  SCV  
  51  4:26  SCV  
  51  4:29  Barracks Reactor  
  51  4:30  Marine  
  54  4:39  Medivac  
  54  4:40  SCV x2, Medivac, Supply Depot  
  54  4:43  Supply Depot  
  54  4:45  Hellion  
  62  5:02  Marine, SCV x2, Hellion  
  62  5:03  Supply Depot  
  67  5:08  Marine x2  
  67  5:09  Combat Shields  
  67  5:14  SCV  
  70  5:18  SCV  
  70  5:20  Marine  
  72  5:24  Medivac, Hellion  
  72  5:25  Command Center  
  72  5:26  SCV  
  77  5:29  Marine x2  
  77  5:30  Supply Depot  
  77  5:34  SCV  
  80  5:38  SCV  
  80  5:39  Marine  
  82  5:45  Refinery  
  82  5:46  SCV  
  82  5:47  Marine x2  
  83  5:57  Marine, Medivac x2  
  83  5:58  Hellion  
  83  5:59  Hellion  
  83  6:01  SCV x2  
  83  6:03  Supply Depot  
  94  6:05  Marine  
  94  6:06  Marine, Supply Depot  
  92  6:21  SCV x2  
  92  6:24  Marine x2  
  96  6:27  Medivac  
  96  6:30  Marine  
  99  6:33  SCV x2, Supply Depot  
  99  6:34  Engineering Bay  
  99  6:35  Engineering Bay  
  101  6:42  Marine  
  100  6:50  Marine x2  
  100  6:51  Orbital Command  
  96  6:54  Barracks  
  96  6:55  SCV x2  
  96  6:57  Barracks  
  96  6:58  Barracks  
  96  7:00  Marine  
  99  7:05  Widow Mine x2, Terran Infantry Weapons Level 1, Terran Infantry Armor Level 1  
  99  7:07  SCV  
  100  7:08  Refinery  
  100  7:10  Marine x2  
  106  7:17  Orbital Command  
  106  7:18  Marine  
  107  7:25  SCV x2  
  107  7:27  Marine  
  107  7:28  Marine  
  111  7:36  Marine  
  112  7:44  Barracks, SCV x3  
  112  7:45  Widow Mine x2  
  112  7:47  Barracks Reactor x2  
  112  7:48  Barracks Reactor  
  115  7:51  Barracks  
  115  7:53  Medivac x2  
  120  8:08  Widow Mine x2  
  120  8:09  Marine x3  
  123  8:13  SCV x2  
  123  8:14  SCV  
  130  8:22  Supply Depot x2  
  130  8:23  Medivac  
  130  8:25  SCV  
  133  8:28  Marine, Medivac, SCV  
  126  8:38  Widow Mine x2  
  124  8:41  Barracks Tech Lab, Barracks Reactor  
  124  8:43  Marine x2  
  124  8:44  Marauder  
  124  8:47  Supply Depot  
  132  8:49  Supply Depot  
  132  8:52  SCV x3  
  131  9:04  Marine x7, Marauder  
  131  9:05  Marine x2  
  142  9:13  Terran Infantry Armor Level 2, Supply Depot, Terran Infantry Weapons Level 2  
  142  9:17  Supply Depot  
  142  9:22  Marine x8  
  142  9:23  Marauder  
  152  9:26  Marine x2, Marauder  
  146  9:39  Marine x2  
  146  9:40  Marine x5  
  139  9:49  Marine x3, Marauder x2  
  146  9:53  Widow Mine x2  
  146  9:57  Marine x3  
  146  9:58  Marine x4  
  146  9:59  Supply Depot  
  153  10:00  Supply Depot  
  153  10:01  Medivac x2  
  153  10:04  Refinery x2  
  161  10:11  Marauder  
  162  10:18  Marine x6, Marauder  
  170  10:30  Widow Mine x2  
  170  10:33  Marine x4, Marauder  
  170  10:35  Marine, SCV x3  
  179  10:36  Marine x3  
  179  10:38  Medivac x2, Command Center  
  191  10:44  Supply Depot  
  189  11:10  Widow Mine x2  
  188  11:17  Marine x5, Marauder  
  194  11:18  Medivac x2  
  186  11:31  Widow Mine  
  186  11:32  Marine x4, Widow Mine, Marauder  
  176  11:33  Terran Infantry Weapons Level 3  
  176  11:34  Marine x2, Terran Infantry Armor Level 3  
  176  11:35  Marine x2  
  176  11:38  Factory  
  184  11:42  Factory  
  183  11:51  Marine x3, Marauder  
  188  12:00  Sensor Tower  
  188  12:05  Widow Mine x2  
  184  12:24  Planetary Fortress  
  184  12:27  Command Center  
  167  13:02  Marine x3, Marauder  
  167  13:03  Marine x5  
  167  13:04  Marine x2  
  167  13:05  Marine, Widow Mine x2  
  171  13:06  Sensor Tower  
  173  13:13  Factory Tech Lab  
  173  13:14  Factory Tech Lab  
  169  13:20  Marine x5  
  169  13:21  Marine x2  
  169  13:24  Marauder x2  
  178  13:33  Widow Mine x2  
  177  13:39  Marine x4  
  177  13:40  Marine x5  
  177  13:41  Siege Tank x2  
  176  13:45  Marauder x2  
  173  13:56  Medivac x2  
  153  14:11  Widow Mine x2  
  153  14:13  Liberator x2  
  153  14:16  Marine x2  
  153  14:17  Marine x8, Marauder x2  
  148  14:18  Siege Tank  
  148  14:23  Command Center  
  171  14:34  Marine x3  
  171  14:35  Marine x2  
  171  14:38  Marauder  
  161  14:46  Marine  
  161  14:47  Marine x4, Marauder  
  161  14:52  Marine  
  162  14:59  Marauder  
  147  15:01  Marine x4  
  147  15:04  Marine x3  
  147  15:05  Marine x2  
  147  15:06  Widow Mine  
  147  15:07  Widow Mine  
  144  15:08  Marauder  
  144  15:12  Marine  
  142  15:15  Medivac  
  142  15:18  Marine  
  142  15:20  SCV  
  142  15:21  SCV, Marauder  
  129  15:40  Orbital Command  
  95  15:57  Marine  
  95  15:58  Marine x3, Marauder x2  
  87  16:14  Orbital Command  
  6  17:38  Orbital Command  
Show
View Real Time Build Order
Export as new Build Order

HuShang Zerg - Winner!

Build Orders: Hatch First 

Get SALT Encoding   

  12  0:01  Drone  
  13  0:13  Overlord  
  13  0:19  Drone  
  14  0:32  Drone x2  
  16  0:37  Drone  
  17  0:52  Hatchery  
  16  0:58  Drone  
  16  0:59  Drone  
  16  1:02  Extractor  
  17  1:14  Spawning Pool  
  16  1:18  Drone  
  16  1:21  Drone  
  18  1:33  Drone  
  19  1:41  Overlord  
  19  1:51  Drone  
  20  2:04  Metabolic Boost  
  20  2:05  Queen x2  
  24  2:10  Zergling x4  
  26  2:18  Drone x2  
  28  2:23  Drone  
  28  2:27  Drone  
  30  2:34  Drone  
  31  2:37  Drone  
  31  2:41  Queen  
  34  2:44  Overlord  
  33  2:58  Drone x2  
  34  3:00  Overlord  
  35  3:16  Drone x3  
  35  3:17  Drone x5  
  35  3:19  Queen  
  45  3:24  Overlord  
  45  3:38  Hatchery  
  44  3:43  Evolution Chamber  
  44  3:46  Evolution Chamber  
  44  3:48  Drone x7  
  49  3:49  Drone  
  50  4:03  Extractor  
  50  4:04  Drone  
  50  4:05  Drone x3  
  53  4:18  Drone x2  
  53  4:21  Drone  
  56  4:29  Overlord x3  
  56  4:33  Zerg Melee Weapons Level 1  
  56  4:35  Zerg Ground Armor Level 1  
  56  4:39  Queen  
  56  4:44  Zergling x2  
  59  4:48  Zergling x8  
  65  4:55  Overlord x3  
  65  4:58  Lair  
  63  5:02  Queen  
  63  5:05  Zergling x10  
  70  5:12  Baneling Nest  
  69  5:34  Zergling x2  
  69  5:35  Zergling x10  
  74  5:38  Drone x5  
  79  5:52  Zergling x20  
  88  6:10  Zergling x8  
  75  6:19  Zergling x18  
  84  6:26  Baneling x6  
  84  6:41  Zergling x2  
  84  6:42  Zergling x14  
  84  6:44  Hatchery  
  86  6:53  Drone x8  
  92  6:55  Extractor  
  92  6:56  Zerg Ground Armor Level 2, Zerg Melee Weapons Level 2, Extractor  
  92  6:57  Extractor  
  92  7:00  Extractor  
  88  7:04  Drone x5  
  93  7:21  Drone x4  
  97  7:27  Baneling  
  97  7:34  Zergling x14  
  97  7:35  Zergling x4  
  106  7:39  Baneling x6  
  106  7:40  Baneling x6  
  106  7:44  Hydralisk Den  
  105  7:50  Overlord x4  
  105  7:54  Centrifical Hooks  
  102  8:12  Zergling x2  
  102  8:13  Zergling x24  
  102  8:19  Infestation Pit  
  113  8:20  Baneling x9  
  113  8:23  Zergling x6  
  115  8:32  Zergling x2  
  115  8:33  Zergling x6  
  112  8:36  Muscular Augments  
  110  8:44  Drone x4  
  116  8:56  Spine Crawler, Spore Crawler  
  116  8:58  Hive  
  116  9:00  Drone  
  116  9:01  Drone x10  
  122  9:09  Hydralisk x3  
  128  9:17  Drone x5  
  128  9:18  Drone, Hydralisk x5  
  144  9:28  Overlord x3  
  137  9:43  Hydralisk x3  
  137  9:44  Hydralisk x7  
  141  9:46  Zergling x10  
  146  9:54  Queen  
  148  10:03  Overlord x3  
  148  10:04  Hydralisk x4  
  156  10:07  Hatchery  
  156  10:08  Baneling  
  156  10:10  Adrenal Glands, Zerg Melee Weapons Level 3  
  154  10:18  Zergling x20  
  164  10:28  Extractor  
  163  10:29  Extractor  
  163  10:30  Ultralisk Cavern  
  163  10:32  Drone x6  
  167  10:47  Zergling x24  
  167  10:49  Baneling x13  
  177  10:56  Zergling x4  
  177  11:04  Baneling x3  
  174  11:05  Zergling x8  
  172  11:24  Zergling x2  
  172  11:25  Zergling x22  
  172  11:37  Queen  
  174  11:41  Ultralisk x3  
  174  11:42  Ultralisk  
  174  11:45  Overlord x2  
  198  11:47  Chitinous Plating  
  198  12:06  Zerg Ground Armor Level 3  
  198  12:07  Zergling x4  
  177  12:34  Zergling x14  
  177  12:35  Zergling x42  
  171  13:22  Hydralisk  
  171  13:23  Hydralisk x4  
  171  13:26  Zergling x18  
  181  13:30  Zergling x4  
  181  13:31  Zergling x26  
  183  13:45  Drone x5  
  183  13:55  Hydralisk  
  183  13:56  Hydralisk x4  
  180  14:12  Hydralisk  
  180  14:13  Hydralisk x11  
  188  14:25  Queen  
  188  14:29  Queen  
  192  14:33  Ultralisk  
  192  14:37  Baneling x4  
  192  14:38  Baneling x6  
  180  15:01  Queen  
  180  15:03  Zergling x16  
  180  15:04  Zergling x22  
  198  15:08  Spire  
  198  15:09  Queen  
  192  15:27  Zergling x8  
  192  15:28  Zergling x20  
  197  15:39  Zergling x2  
  197  15:40  Zergling x18  
  190  15:53  Overlord  
  182  15:57  Zergling x2  
  182  15:58  Zergling x14  
  185  16:39  Corruptor  
  185  16:40  Corruptor x6  
  190  16:47  Zerg Flyer Weapons Level 1  
  190  16:50  Spire  
  161  17:15  Zergling x40  
  176  17:16  Zergling x32  
Tags
 
Add a new tag
Caveats
  • Supply blocks, unpowered buildings, or Contaminate may cause inaccurate times.
  • Supply counts are checked every 10 seconds.